 Dungeon Crawl Stone Soup version 0.24.1-8-ga250c9d538 (webtiles) character file.

Game seed: 2408969820332560255, levelgen mode: deterministic

21 Descartes the Magician (level 2, -1/15 HPs)
             Began as a Deep Elf Air Elementalist on Apr 28, 2020.
             Slain by a hobgoblin (4 damage)
             ... on level 2 of the Dungeon.
             The game lasted 00:02:37 (733 turns).

Descartes the Magician (Deep Elf Air Elementalist)   Turns: 733, Time: 00:02:37

Health: -1/15      AC:  2    Str:  5    XL:     2   Next: 65%
Magic:  2/8        EV: 10    Int: 19    God:
Gold:   9          SH:  6    Dex: 15    Spells: 6/7 levels left

rFire    . . .     SeeInvis .   p - +0 short sword
rCold    . . .     Gourm    .   l - +0 shield
rNeg     + . .     Faith    .   a - +0 robe
rPois    .         Spirit   .   (no helmet)
rElec    .         Reflect  .   (no cloak)
rCorr    .         Harm     .   (no gloves)
MR       .....                  (no boots)
Stlth    ++........             i - amulet of magic regeneration
HPRegen  0.05/turn              o - ring of positive energy
MPRegen  0.36/turn              (no ring)

@: very slightly contaminated
A: no striking features
a: no special abilities


You were on level 2 of the Dungeon.
You were not hungry.

You visited 1 branch of the dungeon, and saw 2 of its levels.

You collected 9 gold pieces.

Inventory:

Hand Weapons
 p - a +0 short sword (weapon)
Missiles
 e - 32 arrows
 f - 22 stones (quivered)
 n - 5 javelins
Armour
 a - a +0 robe (worn)
 l - a +0 shield (worn)
Jewellery
 g - an uncursed ring of ice
 i - an amulet of magic regeneration (around neck)
 o - a ring of positive energy (left hand)
Scrolls
 j - 2 scrolls of identify {unknown}
 m - a scroll of teleportation {unknown}
Potions
 b - a potion of berserk rage {unknown}
 d - a potion of might {unknown}
 k - a potion of brilliance {unknown}
Comestibles
 c - a ration
 h - 3 chunks of flesh


   Skills:
 - Level 2.7 Dodging
 - Level 2.8 Stealth
 + Level 0.5 Shields
 - Level 3.3 Spellcasting
 - Level 1.5 Conjurations
 - Level 3.2 Air Magic


You had 6 spell levels left.
You knew the following spells:

 Your Spells              Type           Power        Failure   Level  Hunger
a - Shock                 Conj/Air       ##..         36%         1    None

Your spell library contained the following spells:

 Spells                   Type           Power        Failure   Level  Hunger
 Swiftness                Chrm/Air       #.......     58%         2    ##.....
 Static Discharge         Conj/Air       ##......     73%         3    ###....
 Airstrike                Air            ###.......   95%         4    ####...
 Lightning Bolt           Conj/Air       ##........   100%        5    ######.


Dungeon Overview and Level Annotations

Branches:
Dungeon (2/15)

Altars:


Message History

You block the hobgoblin's attack.
Casting: Shock (safe; 36% risk of failure)
Confirm with . or Enter, or press ? or * to list all spells.
You don't have enough magic to cast that spell.
Unknown command.
You barely miss the hobgoblin.
The hobgoblin is almost dead.
The bat hits you but does no damage. x2; The orc hits you but does no damage.
The hobgoblin hits you.
* * * LOW HITPOINT WARNING * * *
The orc hits you.
* * * LOW HITPOINT WARNING * * *
An adder and a jackal come into view.
The bat barely misses you.
A jackal comes into view.
You see here 18 sling bullets.
The bat hits you but does no damage. The hobgoblin completely misses you.
Found an escape hatch in the floor.
The bat misses you. The hobgoblin hits you.
You die...

.... #....
...>..
#####......
##.....##...
##....)......
#.......)..(.
#....@.....%.
#...(g.......
#...o........
h..h...b†.......
h...............
.##...........[.
#.........##.<.
S...##.....# ###
#... ...#...


You could see an orc, a jackal (wandering), a hobgoblin and a bat.

Vanquished Creatures
  A dart slug (D:1)
  5 bats (D:1)
  A goblin (D:2)
  4 hobgoblins (D:1)
  2 kobolds (D:1)
  3 frilled lizards
  4 rats (D:1)
20 creatures vanquished.

Notes
Turn   | Place    | Note
-------+----------+-------------------------------------------
     0 | D:1      | Descartes the Deep Elf Air Elementalist began the quest for
                  | the Orb.
     0 | D:1      | Reached XP level 1. HP: 10/10 MP: 6/6
   212 | D:1      | Reached XP level 2. HP: 14/15 MP: 2/8
   733 | D:2      | Slain by a hobgoblin

Levels and vault maps discovered:
D:1:      minmay_arrival_plants_in_alcoves, layout_rooms
D:2:      layout_rooms

Action                   || total
-------------------------++-------
Melee: Short sword       ||     1
 Cast: Shock             ||    42
Armor: Robe              ||    13
Dodge: Dodged            ||    15
Block: Shield            ||     4
